Map: 공허 분쇄

Players

캬루는배신자야

  • Race: Terran Terran
  • Spawn Location: 6:00

SIN

  • Race: Zerg Zerg

VOD

Have the link to the VOD?

Description

Time

  • Played on: March 22, 2021, 1:56 a.m.
  • Length: 10:55
Show
View Real Time Build Order
Export as new Build Order

캬루는배신자야 Terran 

Build Orders:  

Get SALT Encoding   

Show
View Real Time Build Order
Export as new Build Order

SIN Zerg 

Build Orders:  

Get SALT Encoding   

  12  0:03  Drone  
  13  0:10  Drone  
  14  0:21  Overlord  
  14  0:36  Extractor, Drone  
  14  0:46  Drone x3  
  14  0:49  Drone  
  18  0:54  Drone  
  19  1:02  Drone  
  19  1:04  Drone  
  21  1:10  Extractor  
  20  1:29  Spawning Tool  
  19  1:33  Drone  
  19  1:38  Drone  
  21  2:00  Overlord  
  21  2:05  Zergling x2  
  22  2:25  Zergling x2  
  22  2:27  Zergling x2  
  24  2:36  Drone x2  
  24  2:38  Drone  
  27  2:42  Infestation Pit  
  27  2:43  Drone  
  27  2:50  Drone  
  27  2:59  Drone  
  29  3:12  Drone  
  30  3:33  Overlord  
  30  3:53  Hatchery  
  28  4:30  Super Gary  
  28  4:35  Drone x2  
  30  4:44  Hardened Ergonergy Shield  
  30  5:07  Metabolic Boost  
  30  5:08  Drone  
  30  5:09  Drone x3  
  34  5:25  Drone  
  34  5:26  Drone x3  
  38  5:31  Drone  
  38  5:39  Drone  
  40  5:44  Adrenal Glands  
  40  6:03  Zergling x6  
  43  6:16  Zergling  
  43  6:19  Overlord x3  
  43  6:22  Hatchery  
  43  6:23  Zergling  
  42  6:46  Zergling  
  42  6:48  Zergling  
  42  6:53  Zergling, Hatchery  
  41  7:02  Zergling x3  
  41  7:03  Zergling x2  
  41  7:07  Zergling x2  
  41  7:08  Evolution Chamber  
  42  7:15  Zergling x10  
  42  7:19  Zergling x2  
  46  7:20  Zergling x2  
  46  7:29  Hatchery  
  46  7:30  Zergling x8  
  46  7:36  Zergling x2  
  46  7:37  Zergling x2  
  46  7:39  Zergling x2  
  52  7:42  Zergling x2  
  52  7:46  Zergling  
  52  7:47  Zergling  
  52  7:48  Zergling  
  52  7:49  Zergling  
  54  7:51  Zergling  
  54  7:53  Zergling x2  
  54  7:55  Zergling x8  
  59  8:00  Zergling x2  
  59  8:01  Zergling x3  
  59  8:05  Zergling x2  
  62  8:12  Zergling  
  62  8:16  Zergling x11  
  62  8:19  Zergling  
  65  8:21  Zergling x8  
  65  8:25  Zergling x4  
  69  8:33  Zergling x2  
  69  8:34  Zergling x4  
  69  8:35  Zergling  
  70  8:41  Zergling  
  70  8:42  Zergling  
  70  8:45  Zergling  
  70  8:46  Zergling x2  
  70  8:47  Zergling x8  
  70  8:48  Zergling x2  
  74  8:56  Zergling  
  74  8:59  Zergling  
  73  9:00  Zergling  
  73  9:02  Zergling  
  73  9:03  Zergling x2  
  73  9:04  Zergling x8  
  73  9:08  Zergling x2  
  77  9:10  Zergling x2  
  77  9:11  Zergling x2  
  77  9:12  Zergling  
  77  9:14  Zergling  
  77  9:15  Zergling x2  
  77  9:16  Zergling x9  
  77  9:18  Zergling  
  83  9:20  Zergling x2  
  83  9:24  Zergling  
  83  9:28  Zergling  
  83  9:29  Zergling  
  82  9:30  Zergling  
  82  9:31  Zergling x2  
  82  9:32  Zergling  
  82  9:33  Zergling x12  
  82  9:34  Zergling  
  82  9:35  Zergling  
  82  9:36  Zergling  
  82  9:37  Zergling  
  82  9:38  Zergling x2  
  82  9:39  Zergling  
  84  9:44  Zergling x2  
  84  9:45  Zergling x4  
  84  9:48  Zergling  
  82  9:50  Zergling x7  
  82  9:51  Zergling  
  82  9:53  Zergling  
  82  9:54  Zergling x3  
  82  9:55  Zergling x2  
  82  9:57  Zergling  
  82  9:58  Zergling x2  
  81  10:01  Zergling x4  
  81  10:06  Zergling x7  
  81  10:07  Zergling x4  
  81  10:09  Zergling x4  
  81  10:15  Zergling  
  81  10:16  Zergling  
  81  10:19  Zergling x4  
  63  10:20  Zergling x4  
  81  10:22  Zergling x2  
Tags
 
Add a new tag
Caveats
  • Supply blocks, unpowered buildings, or Contaminate may cause inaccurate times.
  • Supply counts are checked every 10 seconds.